 Dungeon Crawl Stone Soup version 0.32-a0-918-g0f22ef8d61 (console) character file.

Game seed: 15655859522575670865

1882107 Undo the Force of Nature (level 24, 225/231 HPs)
             Began as a White Draconian Cinder Acolyte on Mar 29, 2024.
             Was the Champion of Fedhas.
             Escaped with the Orb
             ... and 3 runes on Apr 10, 2024!
             The game lasted 06:19:17 (52210 turns).

Undo the Force of Nature (DrCA)                    Turns: 52210, Time: 06:19:18

Health: 225/231    AC: 20    Str: 18    XL:     24   Next: 86%
Magic:  39/39      EV: 23    Int: 22    God:    Fedhas [******]
Gold:   1726       SH:  0    Dex: 26    Spells: 2/35 levels left

rFire   + . .        a - +8 storm bow {elec, penet}
rCold   + + .        (shield currently unavailable)
rNeg    + . .        (body armour unavailable)
rPois   .            J - +2 hat
rElec   +            y - scarf of Ozudoc {rC+ rF+, Regen+ Dex+4}
rCorr   .            T - +2 pair of gloves {Dex+3}
SInv    +            e - +2 pair of boots
Will    +....        Q - amulet of faith
Stlth   ++           M - +6 ring of dexterity
HPRegen 1.38/turn    B - ring "Iwuts" {rElec rN+ Int+3}
MPRegen 0.26/turn

%: clarity, faith
@: flying, studying 2 skills
A: glacial breath, AC +12, unfitting armour, cold resistance 1, cold-blooded,
big wings, see invisible, clarity
0: Orb of Zot
}: 3/15 runes: serpentine, barnacled, abyssal
a: Glacial Breath, Renounce Religion, Wall of Briars, Grow Ballistomycete,
Overgrow, Grow Oklob


You escaped.
You worshipped Fedhas.
Fedhas was exalted by your worship.
You visited 9 branches of the dungeon, and saw 46 of its levels.
You visited the Abyss 1 time.
You visited 1 bazaar.
You also visited: Ice Cave and Volcano.

You collected 5747 gold pieces.
You spent 4021 gold pieces at shops.

Inventory:

Hand Weapons
 a - the +8 storm bow (weapon) {elec, penet}
   (You bought it in a shop on level 2 of the Dungeon)
 b - a +8 antimagic hand cannon
   (You took it off a yaktaur captain on level 1 of the Vaults)
Missiles
 k - 4 throwing nets
 r - 6 curare-tipped darts
Armour
 e - a +2 pair of boots (worn)
   (You found it on level 1 of the Dungeon)
 n - the +1 pair of gloves of Dyzasku {Harm *Corrode rPois Dex+3}
   (You found it on level 3 of the Vaults)

   Dex+3:     It affects your dexterity (+3).
   rPois:     It protects you from poison.
   *Corrode:  It may corrode you when you take damage.
   Harm:      It increases damage dealt and taken.
 y - the scarf of Ozudoc (worn) {rC+ rF+, Regen+ Dex+4}
   (You acquired it on level 4 of the Vaults)

   Dex+4:     It affects your dexterity (+4).
   Regen+:    It increases your rate of health regeneration.
 J - a +2 hat (worn)
   (You found it on level 3 of the Elven Halls)
 T - a +2 pair of gloves of dexterity (worn)
   (You bought it in a shop on level 4 of the Dungeon)
Magical Staves
 g - a staff of air
   (You found it on level 2 of the Dungeon)
 s - a staff of alchemy
   (You found it on level 1 of the Dungeon)
Jewellery
 o - the ring "Ferrap" {Will+ Int+3 Dex+4}
   (You took it off a deep elf elementalist on level 3 of the Elven Halls)

   [ring of willpower]

   Int+3:     It affects your intelligence (+3).
   Dex+4:     It affects your dexterity (+4).
   Will+:     It increases your willpower.
 A - a ring of willpower
   (You found it on level 9 of the Dungeon)
 B - the ring "Iwuts" (right hand) {rElec rN+ Int+3}
   (You took it off a deep elf death mage on level 3 of the Elven Halls)

   [ring of positive energy]

   Int+3:     It affects your intelligence (+3).
   rElec:     It insulates you from electricity.
   rN+:       It protects you from negative energy.
 D - an amulet of regeneration
   (You found it on level 6 of the Dungeon)
 M - a +6 ring of dexterity (left hand)
   (You found it on level 1 of the Lair of Beasts)
 Q - an amulet of faith (around neck)
   (You found it on level 3 of the Elven Halls)
Wands
 l - a wand of mindburst (19)
   (You found it on level 3 of the Dungeon)
 I - a wand of polymorph (11)
   (You found it on level 3 of the Shoals)
 K - a wand of digging (2)
   (You found it on level 3 of the Elven Halls)
 L - a wand of charming (43)
   (You found it on level 8 of the Dungeon)
 N - a wand of roots (35)
   (You found it in an ice cave)
 S - a wand of light (19)
   (You found it on level 15 of the Dungeon)
Scrolls
 d - 7 scrolls of enchant armour
 j - 2 scrolls of summoning
 p - a scroll of identify
 t - 4 scrolls of noise
 v - a scroll of torment
 w - 21 scrolls of teleportation
 x - 10 scrolls of fog
 C - 4 scrolls of fear
 G - 6 scrolls of blinking
 H - 7 scrolls of vulnerability
 O - a scroll of amnesia
 P - 7 scrolls of silence
 R - 9 scrolls of poison
Potions
 c - 6 potions of lignification
 f - 13 potions of curing
 h - 4 potions of magic
 i - 3 potions of heal wounds
 q - 6 potions of enlightenment
 u - 4 potions of mutation
 z - 5 potions of brilliance
 E - a potion of invisibility
 F - a potion of ambrosia
 U - 3 potions of resistance
 W - a potion of haste


   Skills:
 - Level 21.7 Fighting
 - Level 20.0 Ranged Weapons
 - Level 12.7 Dodging
 - Level 6.0 Stealth
 - Level 3.6 Shields
 - Level 5.0 Unarmed Combat
 - Level 6.0 Spellcasting
 - Level 9.0 Hexes
 - Level 12.2 Translocations
 - Level 3.3 Fire Magic
 - Level 6.0 Air Magic
 - Level 13.8 Alchemy
 - Level 24.0 Invocations
 + Level 17.1 Evocations


You had 2 spell levels left.
You knew the following spells:

 Your Spells              Type           Power      Damage    Failure   Level
b - Tukima's Dance        Hex            46%        N/A       1%          3
c - Maxwell's Portable P  Tloc           57%        2d(10-30) 1%          3
d - Olgreb's Toxic Radia  Alch           61%        N/A       1%          4
p - Apportation           Tloc           100%       N/A       1%          1
u - Blink                 Tloc           100%       N/A       1%          2
B - Dimensional Bullseye  Hex/Tloc       26%        N/A       1%          4
C - Vhi's Electric Charg  Tloc/Air       92%        N/A       2%          4
M - Swiftness             Air            33%        N/A       2%          3
U - Passage of Golubria   Tloc           57%        N/A       1%          4
Y - Yara's Violent Unrav  Hex/Alch       27%        3d12      2%          5

Your spell library contained the following spells:

 Spells                   Type           Power      Damage    Failure   Level
 Slow                     Hex            100%       N/A       1%          1
 Sting                    Conj/Alch      100%       1d9       1%          1
 Lesser Beckoning         Tloc           100%       N/A       1%          2
 Mercury Vapours          Alch/Air       100%       N/A       1%          2
 Momentum Strike          Conj/Tloc      66%        3d9       1%          2
 Ensorcelled Hibernation  Hex/Ice        52%        N/A       2%          2
 Scorch                   Fire           42%        2d6       3%          2
 Kiss of Death            Conj/Necr      24%        2d7       9%          1
 Magic Dart               Conj           24%        1d4       9%          1
 Necrotise                Necr           24%        1d5       9%          1
 Sandblast                Erth           12%        2d6       9%          1
 Summon Small Mammal      Summ           24%        N/A       9%          1
 Call Imp                 Summ           12%        N/A       14%         2
 Searing Ray              Conj           12%        2d4       14%         2
 Sublimation of Blood     Necr           6%         N/A       14%         2
 Confusing Touch          Hex            46%        N/A       1%          3
 Mephitic Cloud           Conj/Alch/Air  35%        N/A       1%          3
 Sigil of Binding         Hex            46%        N/A       1%          3
 Alistair's Intoxication  Alch           40%        N/A       1%          5
 Inner Flame              Hex/Fire       33%        N/A       2%          3
 Cause Fear               Hex            23%        N/A       2%          4
 Ignite Poison            Fire/Alch      44%        N/A       2%          4
 Sticky Flame             Fire/Alch      44%        2d8       2%          4
 Fulminant Prism          Conj/Alch      18%        3d11      5%          4
 Leda's Liquefaction      Alch/Erth      18%        N/A       5%          4
 Iskenderun's Mystic Bla Conj/Tloc 33%            2d8        (+2d4     8%          4
 Silence                  Hex/Air        19%        N/A       12%         5
 Anguish                  Hex/Necr       13%        N/A       14%         4
 Irradiate                Conj/Alch      18%        3d17      14%         5
 Summon Forest            Summ/Tloc      16%        N/A       21%         5
 Call Canine Familiar     Summ           6%         N/A       26%         3
 Frozen Ramparts          Ice            12%        1d2       26%         3
 Fugue of the Fallen      Necr           6%         N/A       26%         3
 Ozocubu's Armour         Ice            6%         N/A       26%         3
 Passwall                 Erth           6%         N/A       26%         3
 Stone Arrow              Conj/Erth      12%        3d7       26%         3
 Summon Ice Beast         Ice/Summ       6%         N/A       26%         3
 Vampiric Draining        Necr           6%         2d6       26%         3
 Summon Lightning Spire   Summ/Air       19%        N/A       26%         4
 Metabolic Englaciation   Hex/Ice        13%        N/A       36%         5
 Summon Mana Viper        Hex/Summ       26%        N/A       36%         5
 Flame Wave               Conj/Fire      13%        2d6       43%         4
 Arcjolt                  Conj/Air       9%         1d19      58%         5
 Sculpt Simulacrum        Ice/Alch       18%        N/A       63%         6
 Animate Dead             Necr           6%         N/A       65%         4
 Brom's Barrelling Bould  Conj/Erth      6%         2d3       65%         4
 Freezing Cloud           Conj/Ice/Air   7%         6-21      73%         5
 Fireball                 Conj/Fire      6%         3d5       78%         5
 Borgnjor's Vile Clutch   Necr/Erth      3%         N/A       94%         5
 Lee's Rapid Deconstruct  Erth           3%         3d5*      94%         5
 Death Channel            Necr           3%         N/A       100%        6
 Summon Cactus Giant      Summ           3%         N/A       100%        6
 Monstrous Menagerie      Summ           3%         N/A       100%        7
 Ozocubu's Refrigeration  Ice            3%         4d8       100%        7
 Summon Hydra             Summ           3%         N/A       100%        7
 Ignition                 Fire           10%        3d5       100%        8
 Lehudib's Crystal Spear  Conj/Erth      3%         10d2      100%        8
 Maxwell's Capacitive Co  Air            16%        ∞         100%        8
 Death's Door             Necr           3%         N/A       100%        9
 Dragon's Call            Summ           3%         N/A       100%        9
 Fire Storm               Conj/Fire      6%         8d2       100%        9
 Polar Vortex             Ice            3%         N/A       100%        9
 Animate Armour           Summ/Erth      Unusable   N/A       N/A         4

Dungeon Overview and Level Annotations

Branches:
Dungeon (15/15)            Temple (0/1) D:6            Lair (5/5) D:8
 Shoals (4/4) Lair:2        Snake (4/4) Lair:3        Slime (0/5) Lair:4
    Orc (2/2) D:12            Elf (3/3) Orc:2        Vaults (4/5) D:14
  Crypt (0/3) Vaults:3     Depths (4/4) D:15            Zot (5/5) Depths:4
  IceCv (visited)         Volcano (visited)

Altars:
Cheibriados
Dithmenos
Elyvilon
Fedhas
Gozag
Kikubaaqudgha
Nemelex Xobeh
Okawaru
Ru
Sif Muna
Uskayaw
Vehumet
Wu Jian
Zin
The Shining One
Beogh
Jiyva

Shops:
D:1 [   D:2 *   D:3 [   D:4 [   D:5 :   D:9 ?*((   D:10 *   Orc:2 [((   Elf:2 :
Vaults:1 [[::[   Vaults:2 ?   Vaults:4 *   Depths:1 [   Depths:3 ?

Portals:
Hell: Depths:1 Depths:2 Depths:3 Depths:4
Abyss: Depths:3
Pandemonium: Depths:2 Depths:3
Ziggurat: Depths:3

Annotations:
Snake:4 3 runed translucent doors, Lightli's ghost, adept DrBr
Orc:1 1 transporter
Elf:2 3 runed translucent doors
Zot:5 exclusion: door


Innate Abilities, Weirdness & Mutations

You can breathe waves of cold which freeze foes solid.
Your icy white scales are hard. (AC +12)
You cannot fit into any form of body armour.
Your flesh is cold resistant. (rC+)
You are cold-blooded and may be slowed by cold attacks.
Your large and strong wings let you fly.
You have supernaturally acute eyesight. (SInv)
You possess an exceptional clarity of mind.


Message History

You kill Natasha!
Fedhas appreciates your contribution to the ecosystem.
Unknown command.
Unknown command.
(D) Dungeon (T) Temple (L) Lair (A) Shoals (P) Snake Pit (M) Slime Pits (O) Orcish Mines (E) Elven Halls (V) Vaults (C) Crypt (U) Depths (H) Hell (Z) Zot
Where to? (Tab/Enter - D:1 @ (x,y), ? - help)
What level of the Dungeon? (default 1, ? - help)
There is a stone staircase leading up here.
You fly upwards.
There is a stone staircase leading down here.
There is a stone staircase leading up here.
You fly upwards.
There is a stone staircase leading down here.
You see here a rat skeleton.
There is an open door here. 4 sun demons come into view.
You shoot an arrow.
The arrow pierces through the sun demon!
The sun demon is lightly wounded.
The arrow misses the sun demon.
The arrow pierces through the sun demon but does no damage.
Unknown command.
Unknown command.
You shoot an arrow.
The arrow pierces through the sun demon!!!
You kill the sun demon!
Fedhas accepts your kill.
The arrow barely misses the sun demon.
The arrow pierces through the sun demon!
The sun demon is moderately wounded.
Your Evocations skill increases to level 17!
You shoot an arrow. The arrow closely misses the sun demon.
The arrow pierces through the sun demon but does no damage.
The arrow pierces through the sun demon.
The sun demon is moderately wounded.
You shoot an arrow.
The arrow pierces through the sun demon!!!
The sun demon is severely wounded.
The arrow pierces through the sun demon but does no damage.
The sun demon is moderately wounded.
You shoot an arrow. The arrow closely misses the sun demon.
The arrow pierces through the sun demon!!
You kill the sun demon!
Fedhas accepts your kill.
The arrow pierces through the sun demon!!
The sun demon is almost dead.
A balrug comes into view.
It is wielding a +2 demon whip of draining.
Unknown command.
Fire: a) +8 storm bow {elec, penet}
Press: ? - help, Q - select action, (/) - cycle Shift-Dir - straight line, f - balrug, p - sun demon
Aim: a balrug, wielding a +2 demon whip of draining (77% to hit)
You shoot an arrow.
The arrow pierces through the sun demon!!
The sun demon is heavily wounded.
The arrow pierces through the sun demon.
The sun demon is almost dead.
The arrow pierces through the balrug!!
The balrug is moderately wounded.
The balrug gestures at you. Something smites you! The sun demon misses you.
Fire: a) +8 storm bow {elec, penet}
Press: ? - help, Q - select action, (/) - cycle Shift-Dir - straight line, f/p - balrug
Aim: a balrug, wielding a +2 demon whip of draining (moderately wounded, 77% to hit)
You shoot an arrow.
The arrow pierces through the sun demon!
The sun demon is severely wounded.
The arrow completely misses the sun demon.
The arrow pierces through the balrug!
Lightning courses through the balrug!
The balrug is severely wounded.
The sun demon misses you.
Fire: a) +8 storm bow {elec, penet}
Press: ? - help, Q - select action, (/) - cycle Shift-Dir - straight line, f/p - balrug
Aim: a balrug, wielding a +2 demon whip of draining (severely wounded, 77% to hit)
You shoot an arrow.
The arrow pierces through the sun demon!!
You kill the sun demon!
Fedhas accepts your kill.
The arrow pierces through the sun demon!
You kill the sun demon!
Fedhas accepts your kill.
The arrow pierces through the balrug!!
The balrug is almost dead.
The balrug gestures at you. The pyre arrow hits you.
You are covered in intense liquid fire!
Fire: a) +8 storm bow {elec, penet}
Press: ? - help, Q - select action, (/) - cycle Shift-Dir - straight line, f/p - balrug
Aim: a balrug, wielding a +2 demon whip of draining (almost dead, 77% to hit)
You shoot an arrow. The arrow pierces through the balrug!
You kill the balrug!
Fedhas accepts your kill. The liquid fire burns you!
You shake off some of the fire as you move.
The liquid fire burns you!
You shake off the liquid fire.
There is a staircase leading out of the dungeon here.
You have escaped!

#.........###'###.........# #.
#.....##..#ß...ß#..##.....# #.
#....####.##.#.##.####....# #.
#.....##).#ß.#.ß#..##.....###.
#.........##.#.##........).##.
#..########ß...ß########.#.##.
#..#ß#ß#ß#ß#..)#ß#ß#ß#ß#.#'##.
#..#...................#......
#..'.#####...@...#####.'......
##.#...................#......
#.#ß#ß#ß#ß#...#ß#ß#ß#ß#......
#.########ß...ß########......
#........##.#.##.............
#....##..#ß.#.ß#..##.........
#...####.##.#.##.####........
#....##..#ß...ß#..##.........
#........###'###........#....


There were no monsters in sight!

Vanquished Creatures
  A dread lich (Vaults:4)
  An ancient lich (Zot:5)
  7 orbs of fire
  A juggernaut (Depths:3)
  Boris (thrice) (Vaults:1 Depths:1 Depths:3)
  A curse toe (Zot:4)
  A Killer Klown (Zot:1)
  Vashnia (Snake:2)
  A caustic shrike (Depths:2)
  Margery (Depths:3)
  5 golden dragons
  A walking crystal tome (Depths:4)
  9 tentacled monstrosities
  4 liches
  Mlioglotl (Snake:2)
  3 hellephants (Abyss:3)
  14 Orb Guardians
  A titan (Depths:4)
  A searing wretch (Depths:3)
  2 quicksilver dragons
  4 death cobs
  Polyphemus (Shoals:2)
  A sphinx (Depths:2)
  2 deep elf blademasters (Elf:3)
  2 deep elf master archers (Elf:3)
  An ancient champion (Vaults:3)
  An Executioner (Zot:5)
  3 shadow dragons
  Kirke (Elf:1)
  4 storm dragons
  Aizul (Vaults:1)
  4 tengu reavers
  Roxanne (Snake:2)
  10 frost giants
  8 nagarajas
  6 draconian monks
  9 fire giants
  5 draconian knights
  A deep elf sorcerer (Elf:3)
  An iron dragon (Depths:4)
  7 deep elf elementalists (Elf:3)
  6 draconian scorchers
  6 vault wardens
  3 draconian shifters
  2 ghost moths
  3 balrugs
  Louise (Snake:3)
  13 ironbound preservers
  4 formless jellyfish
  3 orc warlords
  A reaper (D:9)
  8 very ugly things
  4 spriggan defenders
  11 stone giants
  4 draconian annihilators
  6 red draconians
  3 vampire knights
  6 deep elf death magi (Elf:3)
  2 yellow draconians
  3 elemental wellsprings (Shoals:1)
  5 green draconians
  5 ironbound thunderhulks
  11 black draconians
  6 purple draconians
  4 white draconians
  5 deep elf demonologists
  7 spark wasps
  4 deep elf annihilators
  8 dire elephants
  4 war gargoyles
  A green death (Depths:3)
  5 merfolk javelineers
  Snorg (Lair:5)
  Azrael (D:13)
  A fire dragon (shapeshifter) (Depths:3)
  Josephine (Lair:4)
  11 merfolk impalers
  7 deep elf high priests
  12 ettins
  10 fire dragons
  13 yaktaur captains
  3 crystal guardians
  3 entropy weavers
  3 vault guards (Vaults:3)
  4 great orbs of eyes
  4 rakshasas (Depths:2)
  8 ironbound frosthearts
  3 ogre magi
  3 peacekeepers
  3 salamander tyrants (Snake:4)
  An alligator snapping turtle (Shoals:4)
  5 hydras
  3 catoblepae
  4 merfolk avatars
  10 ice dragons
  A hell beast (Depths:2)
  5 boulder beetles
  8 anacondas
  6 merfolk aquamancers
  10 dancing weapons
  15 two-headed ogres
  4 spriggan air magi
  27 centaur warriors
  11 tengu warriors
  2 death knights
  9 deep troll earth magi
  A sphinx skeleton (Depths:1)
  A two-headed ogre (shapeshifter) (Vaults:4)
  A satyr (Shoals:4)
  5 deep troll shamans
  2 hell hogs
  2 vampire magi
  14 naga warriors
  13 death yaks
  An occultist (Depths:1)
  6 shock serpents
  2 spriggans (Depths:2)
  3 shock serpents (shapeshifter)
  11 naga sharpshooters
  Urug (D:11)
  4 spriggan berserkers (Depths:2)
  7 hell knights
  8 skysharks
  9 sun demons
  A spatial maelstrom (Abyss:3)
  A wretched star (Abyss:3)
  A skyshark (shapeshifter) (Depths:2)
  13 sea snakes
  3 salamander mystics
  8 deep elf knights
  Amaemon (D:9)
  4 iron trolls
  A skeletal warrior (D:13)
  Lodul (D:13)
  47 deep trolls
  6 naga ritualists
  4 deep elf archers
  14 mana vipers
  8 lindwurms
  6 arcanists
  A golden dragon skeleton (Depths:1)
  10 thermic dynamos
  A harpy (shapeshifter) (D:14)
  A tengu zombie (Depths:1)
  7 glowing orange brains
  25 harpies
  14 ironbound convokers
  A large abomination (Zot:5)
  26 deep elf zephyrmancers
  An obsidian bat (Orc:2)
  6 necromancers
  16 deep elf pyromancers
  41 ugly things
  10 manticores
  12 salamanders
  13 orc knights
  7 fauns (Shoals:3)
  A frost giant zombie (Depths:1)
  A fire giant zombie (Depths:1)
  17 cyclopes
  13 moths of wrath
  3 meliai (D:13)
  A kobold blastminer (Orc:2)
  11 naga magi
  4 guardian serpents
  15 vault sentinels
  8 water nymphs
  12 elephants
  A fire giant skeleton (Depths:1)
  2 stone giant skeletons (Depths:1)
  38 black mambas
  A frost giant skeleton (Depths:1)
  2 molten gargoyles (Volcano)
  5 merfolk sirens
  5 torpor snails (Lair:5)
  A black mamba (shapeshifter) (Elf:2)
  12 cane toads
  3 ice statues
  2 smoke demons (Depths:4)
  2 rime drakes (Lair:5)
  An orange demon (D:9)
  2 unseen horrors
  A kobold demonologist (D:12)
  A spark wasp simulacrum (Depths:1)
  5 freezing wraiths
  An unseen horror (shapeshifter) (Elf:1)
  4 tengu conjurers
  7 komodo dragons
  27 yaktaurs
  13 polar bears
  A troll (shapeshifter) (Depths:3)
  33 merfolk
  10 hornets
  10 trolls
  4 tyrant leeches (Lair:5)
  3 wind drakes
  A harpy skeleton (Abyss:3)
  2 glass eyes
  8 snapping turtles
  8 blink frogs
  2 raiju (Lair:5)
  A snapping turtle (shapeshifter) (Depths:4)
  4 dream sheep (Shoals:1)
  27 slime creatures
  A centaur simulacrum (D:15)
  Sigmund (D:4)
  A culicivora (Vaults:2)
  7 wyverns
  2 air elementals
  18 water elementals
  9 wraiths
  A ynoxinul (Depths:3)
  3 vampires
  31 yaks
  12 fire bats
  16 wargs
  3 hogs (Elf:1)
  7 basilisks
  3 neqoxecs
  17 fire elementals
  A redback (Vaults:2)
  2 steam dragons
  4 vampire mosquitoes
  Menkaure (D:7)
  A redback (shapeshifter) (Elf:2)
  2 death yak simulacra
  7 spatial vortices (Abyss:3)
  2 acid dragons
  A swamp worm (shapeshifter) (Depths:2)
  A hydra simulacrum (IceCv)
  42 nagas
  Edmund (D:4)
  15 water moccasins
  22 hell hounds
  2 ice beasts
  14 orc warriors
  14 black bears
  A glowing shapeshifter skeleton (Depths:1)
  2 sky beasts
  34 ogres
  9 laughing skulls
  A spriggan simulacrum (Depths:1)
  3 phantoms
  9 boggarts
  8 centaurs
  24 wolves
  2 kobold brigands
  A brain worm (Abyss:3)
  11 bullfrogs
  4 earth elementals
  A gnoll sergeant (D:9)
  3 scorpions (D:5)
  A burial acolyte (D:8)
  8 wights
  16 killer bees
  3 howler monkeys (D:11)
  An electric eel (Snake:1)
  2 jellies
  A bombardier beetle (D:7)
  5 lava snakes (Volcano)
  15 orc priests
  2 gnoll boudas (D:9)
  A hound (D:5)
  6 sleepcaps
  Jessica (D:3)
  Natasha (twice) (D:3)
  25 orc wizards
  10 hell rats (Lair:1)
  A statue (D:10)
  A wolf simulacrum (IceCv)
  4 polar bear simulacra
  2 hound zombies (D:8)
  11 adders
  11 gnolls (D:9)
  10 river rats
  2 shadow imps (D:8)
  2 white imps
  2 ufetubi (D:5)
  An adder zombie (D:8)
  7 dart slugs
  3 ribbon worms
  72 orcs
  7 ball pythons
  5 bats
  8 endoplasms
  5 giant cockroaches (D:1)
  A gnoll zombie (D:8)
  7 goblins
  8 hobgoblins
  2 jackals (D:1)
  11 quokkas
  A frilled lizard (D:3)
  14 kobolds
  3 kobold zombies (D:8)
  30 rats
1943 creatures vanquished.

Vanquished Creatures (collateral kills)
  2 ancient liches (Zot:5)
  An orb of fire (Zot:5)
  A Killer Klown (Zot:5)
  3 golden dragons
  Norris (Vaults:1)
  An electric golem (Zot:5)
  A tentacled monstrosity (Zot:4)
  5 Orb Guardians (Zot:5)
  The ghost of Ponisiar the Deadly Accurate, a journeyman TrGl of Wu Jian (Orc:1)
  A shadow dragon (Depths:4)
  An iron dragon (Depths:2)
  An ironbound preserver (Vaults:1)
  A spriggan defender (Depths:2)
  2 very ugly things (Depths:2)
  3 black draconians
  2 green draconians
  2 red draconians
  A white draconian (Zot:1)
  A yellow draconian (Zot:4)
  An ice dragon (Depths:2)
  An anaconda (Snake:4)
  A deep troll shaman (Depths:2)
  A tengu warrior (Depths:2)
  A deep troll earth mage (Depths:2)
  A spriggan (Depths:2)
  A shock serpent (Snake:3)
  2 iron trolls (Depths:2)
  A naga ritualist (Snake:3)
  2 deep trolls (Vaults:1)
  A lindwurm (Vaults:1)
  2 mana vipers (Snake:3)
  A harpy (Shoals:1)
  A moth of wrath (Zot:5)
  5 black mambas
  2 hornets
  A glass eye (Depths:2)
  A fire bat (Depths:4)
  2 neqoxecs (Orc:1)
  2 quasits (Orc:1)
  An orc wizard (Orc:2)
  2 orcs (Orc:2)
  74 ballistomycete spores
  A foxfire (D:9)
139 creatures vanquished.

Vanquished Creatures (others)
  A fire giant (Depths:2)
  A draconian scorcher (Zot:4)
  A green draconian (Zot:4)
  A deep troll (Vaults:1)
  2 orc wizards
  A gnoll (D:9)
  A ball lightning (D:15)
  16 ballistomycete spores
  11 foxfires (D:9)
35 creatures vanquished.

Grand Total: 2117 creatures vanquished

Notes
Turn   | Place    | Note
-------+----------+-------------------------------------------
     0 | D:1      | Undo the Draconian Cinder Acolyte began the quest for the
                  | Orb.
     0 | D:1      | Reached XP level 1. HP: 19/19 MP: 2/2
    60 | D:1      | Found Norosm's Armour Emporium.
    72 | D:1      | Reached XP level 2. HP: 26/26 MP: 3/3
    80 | D:1      | Learned a level 2 spell: Scorch
   323 | D:1      | Reached XP level 3. HP: 31/31 MP: 4/4
   993 | D:2      | Reached skill level 5 in Unarmed Combat
   993 | D:2      | Reached XP level 4. HP: 35/38 MP: 2/5
  1092 | D:2      | Found a faded altar of an unknown god.
  1211 | D:2      | Found Efamob's General Store.
  1944 | D:3      | Noticed Jessica
  1950 | D:3      | Killed Jessica
  2150 | D:3      | Reached XP level 5. HP: 41/45 MP: 7/7
  2530 | D:3      | Reached skill level 1 in Ranged Weapons
  2609 | D:3      | Found Cafaira's Antique Armour Shop.
  2773 | D:4      | Noticed Natasha
  2785 | D:3      | Killed Natasha
  2898 | D:4      | Noticed Sigmund
  2928 | D:4      | Killed Sigmund
  2929 | D:4      | Reached XP level 6. HP: 43/51 MP: 1/9
  2999 | D:4      | Your scales start taking on an icy white colour.
  2999 | D:4      | Reached XP level 7. HP: 44/57 MP: 10/10
  2999 | D:4      | Gained mutation: Your flesh is cold resistant. (rC+) [White
                  | Draconian growth]
  3088 | D:4      | Found Jiciov's Antique Armour Shop.
  3091 | D:4      | Noticed Edmund
  3106 | D:4      | Killed Edmund
  3107 | D:4      | Reached skill level 5 in Ranged Weapons
  3164 | D:4      | Found a blossoming altar of Fedhas.
  3599 | D:5      | Entered Level 5 of the Dungeon
  3919 | D:5      | Found Nyph's Self-Published Books.
  4061 | D:5      | Reached XP level 8. HP: 42/63 MP: 2/11
  5077 | D:6      | Found a staircase to the Ecumenical Temple.
  5202 | D:6      | Reached XP level 9. HP: 33/70 MP: 6/12
  5382 | D:6      | Reached skill level 10 in Ranged Weapons
  5828 | D:6      | Found a sparkling altar of Nemelex Xobeh.
  5897 | D:6      | Found a glowing golden altar of the Shining One.
  6032 | D:6      | Found a sacrificial altar of Ru.
  6033 | D:6      | Found a hide-covered altar of Uskayaw.
  6156 | D:6      | Found a shimmering blue altar of Sif Muna.
  6359 | D:7      | Noticed Menkaure
  6365 | D:7      | Killed Menkaure
  6585 | D:7      | Found a snail-covered altar of Cheibriados.
  7441 | D:8      | Found a staircase to the Lair.
  7441 | D:8      | Noticed a komodo dragon
  7466 | D:8      | Killed a komodo dragon
  7467 | D:8      | Reached XP level 10. HP: 51/79 MP: 0/13
  7477 | D:8      | Noticed a two-headed ogre
  7494 | D:8      | Killed a two-headed ogre
  7545 | D:8      | Found a white marble altar of Elyvilon.
  7662 | D:8      | Reached skill level 5 in Fighting
  7867 | D:8      | Found an ancient bone altar of Kikubaaqudgha.
  8386 | D:9      | Noticed Amaemon
  8386 | D:9      | Noticed an orange demon
  8420 | D:9      | Found a shadowy altar of Dithmenos.
  8615 | D:9      | Found Funage Bodi's Weapon Shop.
  8705 | D:9      | Found Awounuik's Magic Scroll Shoppe.
  8753 | D:9      | Killed an orange demon
  8853 | D:9      | Killed Amaemon
  8854 | D:9      | Reached XP level 11. HP: 71/89 MP: 4/14
  9195 | D:9      | Found Hoaruck's Antique Weapon Emporium.
  9255 | D:9      | Found Petzuoh's Assorted Antiques.
  9264 | D:9      | Bought a scroll labelled UBRIHE ROREVE for 26 gold pieces
  9347 | D:10     | Entered Level 10 of the Dungeon
  9683 | D:10     | Found an ornate altar of the Wu Jian Council.
  9819 | D:10     | Found a radiant altar of Vehumet.
  9839 | D:10     | Found Zyssi's Elemental Accessories.
 10028 | D:10     | Identified a scroll of acquirement
 10029 | D:10     | Acquired a manual of Invocations
 10310 | D:11     | Noticed Urug
 10331 | D:11     | Killed Urug
 10332 | D:11     | Reached skill level 15 in Ranged Weapons
 10561 | D:11     | Found a flickering gateway to a bazaar.
 10566 | Bazaar   | Entered a bazaar
 10566 | Bazaar   | Found Nuciwku's Antique Weapon Shoppe.
 10566 | Bazaar   | Found Avimeor's Magic Scroll Boutique.
 10566 | Bazaar   | Found Jaczaschu's Weapon Shoppe.
 10566 | Bazaar   | Found Omel Qee's Book Shop.
 10568 | Bazaar   | Found Vozuiddyt's Jewellery Shop.
 10602 | Bazaar   | Bought a scroll of teleportation for 45 gold pieces
 10602 | Bazaar   | Bought a scroll of blinking for 112 gold pieces
 10602 | Bazaar   | Bought a scroll of blinking for 112 gold pieces
 10744 | D:11     | Noticed a white ugly thing
 10758 | D:11     | Killed a white ugly thing
 11257 | D:12     | Noticed a deep elf pyromancer
 11264 | D:12     | Killed a deep elf pyromancer
 11638 | D:12     | Noticed a two-headed ogre
 11657 | D:12     | Killed a two-headed ogre
 11787 | D:12     | Found a staircase to the Orcish Mines.
 11797 | D:12     | Found a roughly hewn altar of Beogh.
 12026 | D:12     | Noticed a soul eater
 12375 | Orc:1    | Entered Level 1 of the Orcish Mines
 12461 | Orc:1    | Reached XP level 12. HP: 96/96 MP: 15/15
 12482 | Orc:1    | Found a transporter.
 12485 | Orc:1    | Noticed Ponisiar's ghost (journeyman TrGl)
 12486 | Orc:1    | Found the +5 demon whip "Spellbinder" {antimagic, disrupt,
                  | Will+}
 12640 | Orc:1    | Noticed an ettin
 12672 | Orc:1    | Killed an ettin
 12757 | Orc:1    | Found a transporter.
 13001 | Orc:1    | Noticed an ettin
 13225 | D:2      | Bought the +8 storm bow {elec, penet} for 821 gold pieces
 13225 | D:2      | Found the +8 storm bow {elec, penet}
 13340 | Lair:1   | Entered Level 1 of the Lair of Beasts
 13346 | Lair:1   | Noticed a catoblepas
 13362 | Lair:1   | Killed a catoblepas
 13475 | Lair:1   | Found a dark tunnel.
 13515 | Volcano  | Entered a volcano
 13739 | Volcano  | Found a burning altar of Makhleb.
 13796 | Volcano  | Noticed a hell hog
 13801 | Volcano  | Killed a hell hog
 14391 | D:4      | Fell from the grace of Ignis
 14391 | D:4      | Became a worshipper of Fedhas Madash
 14410 | D:4      | Bought a pair of runed gloves for 202 gold pieces
 14504 | D:9      | Bought a scroll of revelation for 120 gold pieces
 14676 | Lair:1   | Noticed a death yak
 14678 | Lair:1   | Noticed a death yak
 14689 | Lair:1   | Killed a death yak
 14689 | Lair:1   | Noticed a death yak
 14690 | Lair:1   | Reached skill level 1 in Invocations
 14692 | Lair:1   | Reached XP level 13. HP: 102/102 MP: 16/16
 14695 | Lair:1   | Reached skill level 2 in Invocations
 14697 | Lair:1   | Reached skill level 3 in Invocations
 14986 | Lair:2   | Reached skill level 4 in Invocations
 15045 | Lair:2   | Found a frozen archway.
 15054 | Lair:2   | Reached * piety under Fedhas
 15062 | IceCv    | Entered an ice cave
 15070 | IceCv    | Reached skill level 5 in Invocations
 15195 | IceCv    | Found a transporter.
 15212 | IceCv    | Found a transporter.
 15246 | IceCv    | Got the Compilation of the Reconfigured Tropics
 15442 | Lair:2   | Reached skill level 6 in Invocations
 15540 | Lair:2   | Found a staircase to the Shoals.
 15984 | Lair:2   | Reached ** piety under Fedhas
 16153 | Lair:3   | You fall into a shaft and drop 1 floor!
 16175 | Lair:4   | Learned a level 4 spell: Dimensional Bullseye
 16194 | Lair:4   | Reached skill level 7 in Invocations
 16261 | Lair:4   | Found a viscous altar of Jiyva.
 16261 | Lair:4   | Found a staircase to the Slime Pits.
 16641 | Lair:4   | Reached skill level 8 in Invocations
 16849 | Lair:4   | You fall into a shaft and drop 1 floor!
 16849 | Lair:5   | Entered Level 5 of the Lair of Beasts
 16947 | Lair:4   | Reached skill level 9 in Invocations
 16948 | Lair:4   | Reached *** piety under Fedhas
 17122 | Lair:3   | Learned a level 1 spell: Apportation
 17127 | Lair:3   | Learned a level 4 spell: Passage of Golubria
 17343 | Lair:3   | Was forgiven by Ignis
 17518 | Lair:3   | Found a staircase to the Snake Pit.
 17900 | Lair:4   | Noticed Josephine
 17905 | Lair:4   | Killed Josephine
 17910 | Lair:4   | Reached skill level 10 in Invocations
 17966 | Lair:4   | Reached XP level 14. HP: 103/116 MP: 21/21
 18289 | Lair:5   | Paralysed by a hornet for 3 turns
 18400 | Lair:5   | Reached **** piety under Fedhas
 18423 | Lair:5   | Reached skill level 10 in Fighting
 18423 | Lair:5   | Reached skill level 11 in Invocations
 18768 | Lair:5   | Reached skill level 12 in Invocations
 19004 | Lair:5   | Found an ornate altar of the Wu Jian Council.
 19004 | Lair:5   | Found a hide-covered altar of Uskayaw.
 19060 | Lair:5   | Got the Tome of the Tenebrous Arsonist
 19087 | Lair:5   | Reached ***** piety under Fedhas
 19094 | Lair:5   | Reached skill level 13 in Invocations
 19102 | Lair:5   | Reached skill level 1 in Dodging
 19180 | Lair:5   | Noticed Snorg
 19188 | Lair:5   | Killed Snorg
 19204 | Lair:5   | Reached skill level 1 in Shields
 20141 | D:13     | Noticed Azrael
 20150 | D:13     | Killed Azrael
 20195 | D:13     | Reached XP level 15. HP: 109/130 MP: 25/25
 20585 | D:13     | Noticed Lodul
 20588 | D:13     | Killed Lodul
 20604 | D:13     | Reached ****** piety under Fedhas
 20631 | D:13     | Identified the +1 cloak of Absence {Harm rC- Int+5}
 20815 | D:14     | Reached skill level 14 in Invocations
 20993 | D:14     | Found an opulent altar of Gozag.
 21002 | D:14     | Reached skill level 5 in Dodging
 21113 | D:14     | Found a gate to the Vaults.
 21473 | D:15     | Entered Level 15 of the Dungeon
 22103 | D:15     | Found a staircase to the Depths.
 22483 | Orc:1    | Killed Ponisiar's ghost
 22494 | Orc:1    | Identified the +0 cloak of Experimentation {rC- MP-9 Str+7
                  | Slay+3}
 22715 | Orc:1    | Identified the +7 orcbow "Newtslayer" {speed, *Slow rElec
                  | rC+ rN+ rCorr}
 22807 | Orc:2    | Entered Level 2 of the Orcish Mines
 22836 | Orc:2    | Reached skill level 15 in Invocations
 22905 | Orc:2    | Reached XP level 16. HP: 144/144 MP: 27/27
 22986 | Orc:2    | Found Vyhytisi's Antique Armour Boutique.
 23110 | Orc:2    | Found Womothru's Jewellery Emporium.
 23114 | Orc:2    | Found Ulyomur's Antique Weapon Shop.
 23120 | Orc:2    | Found Palo's Weapon Boutique.
 23232 | Orc:2    | Found a staircase to the Elven Halls.
 23420 | Orc:2    | Bought a runed cloak for 247 gold pieces
 23604 | D:5      | Bought Kuaxifro's Compendium of Hitting the Bricks for 384
                  | gold pieces
 23607 | D:5      | Learned a level 2 spell: Blink
 23611 | D:5      | Learned a level 3 spell: Swiftness
 23615 | D:5      | Learned a level 3 spell: Passwall
 23698 | D:9      | Bought a scroll of fog for 64 gold pieces
 23698 | D:9      | Bought a scroll of identify for 32 gold pieces
 23698 | D:9      | Bought a scroll of summoning for 152 gold pieces
 23698 | D:9      | Bought a scroll of fog for 64 gold pieces
 23698 | D:9      | Bought a scroll of silence for 152 gold pieces
 23817 | Snake:1  | Entered Level 1 of the Snake Pit
 25032 | Snake:2  | Noticed Mlioglotl
 25267 | Snake:2  | Killed Mlioglotl
 25268 | Snake:2  | Reached skill level 15 in Fighting
 25475 | Snake:2  | Reached skill level 10 in Dodging
 25534 | Snake:2  | Noticed Vashnia
 25563 | Snake:2  | Killed Vashnia
 25789 | Snake:2  | You fall into a shaft and drop 1 floor!
 26439 | Snake:3  | Noticed Louise
 26447 | Snake:3  | Reached XP level 17. HP: 148/158 MP: 25/28
 26468 | Snake:3  | Killed Louise
 26764 | Snake:2  | Noticed Roxanne
 26778 | Snake:2  | Killed Roxanne
 27119 | Snake:4  | Entered Level 4 of the Snake Pit
 27167 | Snake:4  | Reached skill level 1 in Stealth
 27343 | Snake:4  | Reached skill level 1 in Evocations
 27689 | Snake:4  | Reached skill level 5 in Evocations
 27695 | Snake:4  | Found a runed translucent gate.
 27695 | Snake:4  | Found a runed translucent gate.
 27696 | Snake:4  | Found a runed translucent gate.
 27698 | Snake:4  | Noticed Lightli's ghost (adept DrBr)
 28014 | Snake:4  | Got a serpentine rune of Zot
 28453 | Shoals:1 | Entered Level 1 of the Shoals
 28819 | Shoals:1 | Reached skill level 10 in Evocations
 28847 | Shoals:1 | Reached skill level 1 in Translocations
 29210 | Shoals:1 | Upgraded the game from 0.32-a0-871-ge202e49faa to
                  | 0.32-a0-872-g59262bdc9b
 29213 | Shoals:2 | Noticed Polyphemus
 29249 | Shoals:2 | Reached XP level 18. HP: 168/168 MP: 25/29
 29272 | Shoals:2 | Killed Polyphemus
 29282 | Shoals:2 | Reached skill level 5 in Translocations
 29611 | Shoals:2 | Identified the +7 flail of Ilivuc {pain, Will+ Dex+2}
 30500 | Shoals:3 | Upgraded the game from 0.32-a0-872-g59262bdc9b to
                  | 0.32-a0-913-g739538afd8
 30501 | Shoals:4 | Entered Level 4 of the Shoals
 30584 | Shoals:4 | Identified the +0 long sword of Victory {spect, rPois
                  | Will+}
 31012 | Shoals:4 | Reached skill level 10 in Translocations
 31109 | Shoals:4 | Got a barnacled rune of Zot
 31126 | Shoals:4 | Found the ring of Shadows {Umbra +Inv Stlth+}
 31471 | Shoals:4 | Reached skill level 1 in Hexes
 32093 | Vaults:1 | Entered Level 1 of the Vaults
 32123 | Vaults:1 | Reached skill level 5 in Hexes
 32125 | Vaults:1 | Identified the +2 robe "Ysifyrph" {Will- Str+2 Stlth+}
 32125 | Vaults:1 | Noticed Boris
 32190 | Vaults:1 | Killed Boris
 32196 | Vaults:1 | Found Doewkiama's Armour Shoppe.
 32255 | Vaults:1 | Found Xetrut's Armour Shop.
 32321 | Vaults:1 | Reached XP level 19. HP: 121/174 MP: 14/30
 32377 | Vaults:1 | Learned a level 3 spell: Maxwell's Portable Piledriver
 32440 | Vaults:1 | Identified the serpent talisman of Mirth {Int+3}
 32440 | Vaults:1 | Noticed Aizul
 32452 | Vaults:1 | Killed Aizul
 32637 | Vaults:1 | Found Zunuff's Book Shoppe.
 32830 | Vaults:1 | Found Arust's Antique Armour Shoppe.
 32888 | Vaults:1 | Noticed Norris
 32916 | Vaults:1 | Killed Norris
 33591 | Vaults:1 | Found Umosaic's Book Shop.
 34037 | Vaults:2 | Reached skill level 5 in Spellcasting
 34174 | Vaults:2 | Reached skill level 1 in Alchemy
 34374 | Vaults:2 | Gained mutation: You possess an exceptional clarity of
                  | mind. [potion of mutation]
 34374 | Vaults:2 | Gained mutation: You have supernaturally acute eyesight.
                  | (SInv) [potion of mutation]
 34374 | Vaults:2 | Gained mutation: Your large and strong wings let you fly.
                  | [potion of mutation]
 34503 | Vaults:2 | Reached skill level 5 in Alchemy
 34855 | Vaults:2 | Found Daxziut's Magic Scroll Emporium.
 35707 | Vaults:3 | Reached XP level 20. HP: 182/182 MP: 26/31
 36159 | Vaults:3 | Identified the +1 pair of gloves of Dyzasku {Harm *Corrode
                  | rPois Dex+3}
 36394 | Vaults:3 | Reached skill level 10 in Alchemy
 36726 | Vaults:3 | Found a staircase to the Crypt.
 37301 | Vaults:4 | Noticed a dread lich
 37315 | Vaults:4 | Paralysed by a dread lich for 5 turns
 37325 | Vaults:4 | Killed a dread lich
 37811 | Vaults:4 | Acquired the scarf of Ozudoc {rC+ rF+, Regen+ Dex+4}
 37912 | Vaults:4 | Found Makhuf Zazi's General Store.
 38237 | Vaults:4 | Learned a level 5 spell: Yara's Violent Unravelling
 38425 | Elf:1    | Entered Level 1 of the Elven Halls
 38896 | Elf:1    | Noticed Kirke
 38900 | Elf:1    | Killed Kirke
 38970 | Elf:1    | Learned a level 3 spell: Tukima's Dance
 39017 | Elf:1    | Found a shimmering blue altar of Sif Muna.
 39461 | Elf:2    | Found Uplarexkuuna's Tremendous Tomes.
 39576 | Elf:2    | Reached XP level 21. HP: 189/189 MP: 32/32
 40047 | Elf:2    | Found a runed translucent gate.
 40048 | Elf:2    | Found a runed translucent gate.
 40048 | Elf:2    | Found a runed translucent gate.
 40089 | Elf:3    | Entered Level 3 of the Elven Halls
 40386 | Elf:3    | Reached skill level 16 in Invocations
 40527 | Abyss:2  | Cast into level 2 of the Abyss (a deep elf demonologist)
 40678 | Abyss:3  | Found a corrupted altar of Lugonu.
 40684 | Abyss:3  | Got an abyssal rune of Zot
 40712 | Elf:3    | Escaped the Abyss
 40840 | Elf:3    | Reached skill level 1 in Air Magic
 40919 | Elf:3    | Reached skill level 17 in Invocations
 40937 | Elf:3    | Identified the ring "Ferrap" {Will+ Int+3 Dex+4}
 41096 | Elf:3    | Identified the +3 scimitar "Foxosh" {freeze, Fly rC+ rN+++
                  | Stlth-}
 41096 | Elf:3    | Identified the ring "Iwuts" {rElec rN+ Int+3}
 41113 | Elf:3    | Identified the +4 morningstar "Laomemijeg" {flame, rPois
                  | rC++ rN+ Dex-5}
 41135 | Elf:3    | Identified the +2 glaive of Instant Death {spect, Str+3
                  | Int+3}
 41135 | Elf:3    | Identified the ring "Geubunn" {rPois Will+}
 41150 | Elf:3    | Got Sif Muna's Textbook on Brumous Illusion
 41167 | Elf:3    | Identified the +6 quick blade "Gram" {flame, Str+3 Dex+2}
 41168 | Elf:3    | Identified the +6 short sword of the Unstoppable Wishes
                  | {freeze, rN+}
 41171 | Elf:3    | Identified the +3 quarterstaff "Igemiov" {pain, rPois rC+
                  | Will++ Str+3}
 41279 | Elf:3    | Identified the +5 long sword "Zitzotek" {freeze, *Rage
                  | rPois Will- Stlth+}
 41710 | D:9      | Bought 3 scrolls of amnesia for 192 gold pieces
 41717 | D:9      | Learned a level 4 spell: Vhi's Electric Charge
 41853 | Depths:1 | Entered Level 1 of the Depths
 41955 | Depths:1 | Found a gateway to Hell.
 42047 | Depths:1 | Reached skill level 5 in Air Magic
 42145 | Depths:1 | Identified the +4 robe of Maltheism {-Tele rC+ rN+ MP+9}
 42145 | Depths:1 | Noticed Boris
 42158 | Depths:1 | Killed Boris
 42259 | Depths:1 | Reached skill level 18 in Invocations
 42414 | Depths:1 | Found an iron altar of Okawaru.
 42466 | Depths:1 | Reached XP level 22. HP: 134/196 MP: 35/35
 42597 | Depths:1 | Found Cuigure's Armour Shoppe.
 43130 | Elf:2    | Bought the Exposition on Chrysopoeia for 1184 gold pieces
 43135 | Elf:2    | Learned a level 4 spell: Olgreb's Toxic Radiance
 43804 | Depths:2 | Reached skill level 19 in Invocations
 43904 | Depths:2 | Found a one-way gate leading to the halls of Pandemonium.
 44407 | Depths:2 | Reached skill level 20 in Invocations
 44454 | Depths:2 | Identified the +7 great mace of Peace {heavy, rElec}
 44659 | Depths:2 | Noticed a caustic shrike
 44667 | Depths:2 | Killed a caustic shrike
 44851 | Depths:2 | Identified the +1 war axe "Carykk" {freeze, *Corrode rC+++
                  | Str+2 Dex+6}
 45130 | Depths:2 | Upgraded the game from 0.32-a0-913-g739538afd8 to
                  | 0.32-a0-918-g0f22ef8d61
 45131 | Depths:3 | Noticed Margery
 45169 | Depths:3 | Found a one-way gateway to a ziggurat.
 45331 | Depths:3 | Reached skill level 21 in Invocations
 45333 | Depths:3 | Found a one-way gate to the infinite horrors of the Abyss.
 45445 | Depths:3 | Identified the +2 robe of the Blacksmith {+Blink MP+9 Int+3
                  | Stlth+}
 45445 | Depths:3 | Noticed Boris
 45463 | Depths:3 | Killed Boris
 45674 | Depths:3 | Killed Margery
 45800 | Depths:3 | Noticed a golden dragon
 45807 | Depths:3 | Killed a golden dragon
 45890 | Depths:3 | Found Gaesic's Magic Scroll Emporium.
 45897 | Depths:3 | Bought a scroll of blinking for 112 gold pieces
 46232 | Depths:3 | Noticed a juggernaut
 46257 | Depths:3 | Killed a juggernaut
 46275 | Depths:3 | Got Jaidghem's Folio of Burnt Skeletons
 46313 | Depths:3 | Reached XP level 23. HP: 193/213 MP: 34/37
 46651 | Depths:4 | Entered Level 4 of the Depths
 46689 | Depths:4 | Found a hide-covered altar of Uskayaw.
 46775 | Depths:4 | Reached skill level 22 in Invocations
 47584 | Depths:4 | Found a gate to the Realm of Zot.
 47680 | Depths:4 | Reached skill level 23 in Invocations
 47886 | Zot:1    | Entered Level 1 of the Realm of Zot
 47887 | Zot:1    | Found a sacrificial altar of Ru.
 47969 | Zot:1    | Noticed a Killer Klown
 47984 | Zot:1    | Noticed an orb of fire
 47992 | Zot:1    | Killed a Killer Klown
 48025 | Zot:1    | Killed an orb of fire
 48025 | Zot:1    | Noticed an orb of fire
 48124 | Zot:1    | Squishy: very scary
 48124 | Zot:1    | Killed an orb of fire
 48480 | Zot:1    | Found a glowing silver altar of Zin.
 49278 | Zot:2    | You are sucked into a shaft and drop 1 floor!
 49705 | Zot:4    | Reached skill level 24 in Invocations
 49709 | Zot:4    | Noticed a curse toe
 49714 | Zot:4    | Killed a curse toe
 49715 | Zot:4    | Reached skill level 5 in Stealth
 50044 | Zot:4    | Reached XP level 24. HP: 141/228 MP: 26/39
 50886 | Zot:5    | Entered Level 5 of the Realm of Zot
 51226 | Zot:5    | Noticed an ancient lich
 51233 | Zot:5    | Killed an ancient lich
 51240 | Zot:5    | Noticed an ancient lich
 51242 | Zot:5    | Noticed a Killer Klown
 51245 | Zot:5    | Noticed an ancient lich
 51248 | Zot:5    | Killed an ancient lich
 51251 | Zot:5    | Killed an ancient lich
 51253 | Zot:5    | Noticed an orb of fire
 51257 | Zot:5    | Killed an orb of fire
 51257 | Zot:5    | Noticed an orb of fire
 51261 | Zot:5    | Killed an orb of fire
 51262 | Zot:5    | Killed a Killer Klown
 51294 | Zot:5    | Noticed an orb of fire
 51301 | Zot:5    | Killed an orb of fire
 51315 | Zot:5    | Noticed an orb of fire
 51321 | Zot:5    | Reached skill level 15 in Evocations
 51326 | Zot:5    | Killed an orb of fire
 51344 | Zot:5    | Noticed an orb of fire
 51361 | Zot:5    | Noticed an orb of fire
 51366 | Zot:5    | Killed an orb of fire
 51373 | Zot:5    | Killed an orb of fire
 51525 | Zot:5    | Got the Orb of Zot
 51660 | Zot:3    | Noticed Umaehogh the pandemonium lord
 51664 | Zot:2    | Noticed Deskil the pandemonium lord
 51858 | D:15     | Noticed Jittod the pandemonium lord
 52154 | D:3      | Noticed Natasha
 52155 | D:3      | Killed Natasha
 52210 | D:$      | Escaped with the Orb!

Illustrated notes

Levels and vault maps discovered:
D:1:      heliophobic_arrival_ceremonial_halls, layout_basic, serial_shops,
          nicolae_diamond_shop
D:2:      layout_basic, shapermc_ecumenical_altar_flowoftime, serial_shops, shop
D:3:      layout_rooms, serial_shops, nicolae_shop_crystal, uniq_jessica
D:4:      layout_cave_pools, old_standard_altar, serial_shops, shop,
          minmay_a_box_with_orc_wizards_in_it, uniq_edmund, uniq_sigmund,
          uniq_natasha
D:5:      lemuel_ratsnest, layout_loops_cross, nicolae_custom_books
D:6:      layout_basic, nemelex_dance_club_becter,
          gammafunk_temple_overflow_statue, tso_metal_star,
          lemuel_blue_sif_altar, minmay_temple_entry_arrows
D:7:      layout_rooms, slow_altar_1, uniq_menkaure
D:8:      layout_rooms, elyvilon_altar_3,
          regret_index_kikubaaqudgha_part_by_part, david_lair_shrubbed
D:9:      layout_rooms, mainiacjoe_overflow_boulevard, serial_shops,
          nicolae_diamond_shop, shop, nicolae_lakefront_shop,
          nicolae_shop_bloodbath_and_beyond, hex_large, uniq_amaemon
D:10:     layout_irregular_city, nzn_wu_jian_contemplation, vehumet_statue,
          chequers_serial_rivers_small_a, nicolae_elemental_shop
D:11:     layout_gridville, serial_shops, bzr_entry_road, uniq_urug
D:12:     layout_gridville, minmay_orc_entry_temple_large
D:13:     layout_basic, uniq_azrael, uniq_lodul
D:14:     layout_roguey, david_vaults_2, minmay_stone_trees_medium,
          nicolae_gozag_seed_capital
D:15:     grunt_enter_depths_hoard, layout_irregular_city, hangedman_decor_push,
          nooodl_orcs_dogs
Lair:1:   beast_lair_carwin_large_2, layout_long_grid,
          nicolae_volcano_entry_vermiform, kennysheep_abandoned_house
Lair:2:   layout_loops_ring, minmay_shoals_entry_lonely_mermaid,
          portal_ice_cave_entry_ice_simulacra
Lair:3:   layout_gridlike, guppyfry_snake_entry_island,
          dreamdust_mushroom_princess, lemuel_fruit_fields
Lair:4:   layout_cave_pods, dpeg_slime_entry_corner, grunt_megastairs_5,
          uniq_josephine
Lair:5:   wormcave, layout_misc_corridors, hangedman_lair_caniforms_friends,
          nzn_masters_of_martial_movement, uniq_snorg
Shoals:1: layout_shoals, nicolae_shoals_spring_well_temple
Shoals:2: layout_shoals, uniq_polyphemus
Shoals:3: layout_shoals, nicolae_shoals_former_cling_halls
Shoals:4: shoals_end_simple, layout_shoals
Snake:1:  layout_basic, serial_bayou_shore_a
Snake:2:  layout_onion, grunt_megastairs_2, nicolae_triple_integral,
          uniq_roxanne, uniq_vashnia, uniq_mlioglotl
Snake:3:  layout_gridlike, uniq_louise
Snake:4:  minmay_snake_end_coiled, layout_cave_town, ebering_ghost_rock_garden,
          eino_curves_03
Orc:1:    giant_chief_lemuel, layout_diamond_mine, gammafunk_ghost_stat_death
Orc:2:    st_orc_open, layout_caves
Elf:1:    eino_elf_arrival_sip, layout_loops_corners, guppyfry_elf_altar,
          grunt_megastairs_4, uniq_kirke
Elf:2:    nicolae_elf_blades_crystal_corner, layout_gridlike,
          nicolae_shop_i_like_big_books, grunt_ministairs_5, dk_noncrumbling_3,
          amcnicky_mini_rare_corridor_liquid
Elf:3:    elf_hall, layout_geoelf_grid
Vaults:1: st_lattice, ontoclasm_vaults_pinch, nicolae_vaults_six-pack,
          hangedman_vaults_locks, nicolae_vaults_swerve,
          nicolae_vaults_stepped_doors, v_alt_pattern_1,
          nicolae_vaults_offset_grid_hallway_3, nicolae_vaults_wrenched,
          nicolae_vaults_offset_grid_hallway_4, grunt_vaults_hallway_short,
          v_misc_1, layout_vaults_omnibox, serial_shops, shop,
          nicolae_diamond_shop, shop_statue, shop_fountains,
          nicolae_shop_rolling_square, uniq_aizul, uniq_boris, uniq_norris
Vaults:2: hangedman_vaults_cutoff, v_rooms_2, v_alt_pattern_6,
          nicolae_vaults_trapezoid_lopsided_3, dpeg_vaults_monster_row,
          nicolae_vaults_display_case, nicolae_vaults_double_plus_1,
          nicolae_vaults_rhombus_7, vaults_room_door_ring,
          ontoclasm_vaults_gateway, layout_vaults_chaotic_city, serial_shops,
          nicolae_shop_tiny_statue_garden
Vaults:3: nicolae_vaults_murderbox, ontoclasm_vaults_shuriken, v_alt_pattern_6,
          ontoclasm_vaults_claustrophobia, nicolae_vaults_angled_halls,
          minmay_crypt_entry_simple_box, nicolae_vaults_tetromino_T_1,
          nicolae_vaults_tetromino_L_1, nicolae_vaults_tetromino_T_1,
          ontoclasm_vaults_loading_screen, hangedman_vaults_corner,
          vaults_dpeg_hooks, layout_vaults_ring
Vaults:4: nicolae_vaults_storage_room_doors, nicolae_vaults_storage_room_glass,
          nicolae_vaults_trapezoid_layered, nicolae_vaults_closet_pinwheel_4,
          ontoclasm_vaults_spin, nicolae_vaults_mini_display_case,
          ontoclasm_vaults_chip, nicolae_vaults_spaceships,
          nicolae_vaults_sealed_display, nicolae_vaults_diffraction_hallways,
          nicolae_vaults_little_squares_2, nicolae_vaults_little_squares_5,
          ontoclasm_vaults_twist, vaults_dpeg_cross, layout_vaults_omnicross,
          serial_shops, nicolae_shop_tiny_glass
Depths:1: layout_basic, solitary_fountain, serial_aquarium,
          aquarium_bridge_long_separate [aquarium_subvault_wall,
          aquarium_subvault_bridge, aquarium_subvault_bridge,
          aquarium_subvault_bridge, aquarium_subvault_bridge,
          aquarium_subvault_wall], aquarium_bridge_island_small
          [aquarium_subvault_small_open, aquarium_subvault_bridge,
          aquarium_subvault_wall, aquarium_subvault_balcony,
          aquarium_subvault_balcony], aquarium_window_1, aquarium_window_1,
          aquarium_window_corner, aquarium_window_2, aquarium_view_2b,
          aquarium_view_2b, hell_entry, serial_shops, shop,
          okawaru_altar_gauntlet_db
Depths:2: minmay_spiral_squares, layout_gridlike, pan_entry, hell_entry
Depths:3: kennysheep_bubble_arena, layout_basic, enter_ziggurat_e, serial_shops,
          shop, rand_demon_pan_entry_4, regret_index_abyss_entry_already_here,
          hell_entry, infiniplex_staircase_door_maze, uniq_margery
Depths:4: grunt_x_marks_the_spot, layout_small_grid, lightli_too_deep,
          nicolae_uskayaw_dance_hall, kennysheep_random_hallway
Zot:1:    grunt_zot_stairs_mandelzot, layout_twisted_circle,
          regret_index_zot_stipple_split, zot_minivault_1, uniq_josephina
Zot:2:    hangedman_zot_vaults_quadrants, layout_cathedral_of_symmetry,
          lemuel_lich_library
Zot:3:    layout_cathedral_of_symmetry
Zot:4:    layout_gridlike, st_stairs_8, grunt_megastairs_3
Zot:5:    layout_gridlike

Skill      XL: |  1  2  3  4  5  6  7  8  9 10 11 12 13 14 15 16 17 18 19 20 21 22 23 24 |
---------------+-------------------------------------------------------------------------+-----
Unarmed Combat | 4 5 |  5.0
Spellcasting   | 2 5 6 |  6.0
Fire Magic     | 4 3 |  3.3
Ranged Weapons | 3 4 7 9 12 14 16 18 19 20 | 20.0
Fighting       | 4 6 9 11 13 16 19 21 | 21.7
Invocations    | 1 10 13 15 18 21 24 | 24.0
Dodging        | 3 7 11 12 | 12.7
Shields        | 2 3 |  3.6
Stealth        | 4 5 6 |  6.0
Evocations     | 10 12 17 | 17.1
Translocations | 3 11 12 | 12.2
Hexes          | 6 9 |  9.0
Alchemy        | 8 13 | 13.8
Air Magic      | 6 |  6.0

Action                     |  1- 3 |  4- 6 |  7- 9 | 10-12 | 13-15 | 16-18 | 19-21 | 22-24 || total
---------------------------+-------+-------+-------+-------+-------+-------+-------+-------++-------
  Melee: Unarmed           |   112 |   100 |   240 |       |       |       |       |       ||   452
         Tailslap          |     7 |    15 |    36 |       |       |       |       |       ||    58
         Punch             |     3 |     4 |    12 |       |       |       |       |       ||    19
         Sling             |       |       |     2 |       |       |       |       |       ||     2
   Fire: Sling             |     5 |    71 |   250 |   281 |       |       |       |       ||   607
         Orcbow            |       |       |       |   493 |       |       |       |       ||   493
         Longbow           |       |       |       |   173 |   934 |  1222 |  1293 |  1161 ||  4783
         Hand cannon       |       |       |       |       |       |       |     9 |       ||     9
  Throw: Dart              |       |       |     8 |       |       |       |     1 |       ||     9
   Cast: Scorch            |     6 |    16 |   112 |    76 |       |       |       |       ||   210
         Dimensional Bulls |       |       |       |       |       |       |    23 |    24 ||    47
         Apportation       |       |       |       |       |       |       |    43 |     4 ||    47
         Yara's Violent Un |       |       |       |       |       |       |    15 |    11 ||    26
         Maxwell's Portabl |       |       |       |       |       |       |     1 |       ||     1
         Olgreb's Toxic Ra |       |       |       |       |       |       |       |     5 ||     5
         Blink             |       |       |       |       |       |       |       |     2 ||     2
         Passage of Golubr |       |       |       |       |       |       |       |     6 ||     6
         Swiftness         |       |       |       |       |       |       |       |     3 ||     3
 Invoke: Fiery Armour      |       |     1 |     6 |     4 |       |       |       |       ||    11
         Foxfire Swarm     |       |       |       |     1 |       |       |       |       ||     1
         Rising Flame      |       |       |       |     1 |       |       |       |       ||     1
         Wall of Briars    |       |       |       |       |    13 |    17 |    17 |    20 ||    67
         Grow Ballistomyce |       |       |       |       |     2 |     5 |     2 |       ||     9
         Overgrow          |       |       |       |       |     1 |       |       |     4 ||     5
         Grow Oklob        |       |       |       |       |       |     2 |       |     8 ||    10
Ability: Glacial Breath    |       |       |     7 |     7 |     4 |     2 |     2 |     4 ||    26
  Evoke: Wand              |       |       |       |    11 |       |     3 |       |    11 ||    25
    Use: Scroll            |       |       |     1 |    21 |     7 |     3 |    20 |     8 ||    60
         Potion            |       |       |       |     1 |     2 |     3 |    11 |    15 ||    32
 Armour: Skin              |    63 |   114 |   187 |   318 |   151 |   283 |   279 |   249 ||  1644
  Dodge: Dodged            |    47 |    80 |   280 |   343 |    92 |   266 |   216 |   224 ||  1548

Table legend: (Time is in decaauts)
 A = Elapsed time spent in this place.
 B = Non-inter-level travel time spent in this place.
 C = Inter-level travel time spent in this place.
 D = Time resting spent in this place.
 E = Time spent auto-exploring this place.
 F = Levels seen in this place.
 G = Mean time per level.
                   A        B        C        D        E       F      G
               +--------+--------+--------+--------+--------+-----+--------+
         Total |  51054 |  45490 |   5564 |   4377 |  24383 |  51 | 1001.1 |
       Dungeon |  16480 |  13968 |   2512 |    461 |   9464 |  15 | 1098.7 |
          Lair |   5915 |   5240 |    675 |    398 |   3434 |   5 | 1183.0 |
        Shoals |   3544 |   3325 |    219 |    578 |    994 |   4 |  886.0 |
     Snake Pit |   4442 |   4196 |    246 |    145 |   2717 |   4 | 1110.5 |
  Orcish Mines |   1800 |   1447 |    353 |     29 |    836 |   2 |  900.0 |
   Elven Halls |   3203 |   2778 |    425 |    253 |   1899 |   3 | 1067.7 |
        Vaults |   6201 |   5720 |    481 |    861 |   2842 |   4 | 1550.2 |
        Depths |   5309 |   4870 |    439 |    927 |   1850 |   4 | 1327.2 |
           Zot |   3222 |   3012 |    210 |    552 |    215 |   5 |  644.4 |
         Abyss |    158 |    158 |      0 |     11 |      0 |   2 |   79.0 |
        Bazaar |     45 |     45 |      0 |      0 |     33 |   1 |   45.0 |
      Ice Cave |    289 |    289 |      0 |    114 |     97 |   1 |  289.0 |
       Volcano |    440 |    440 |      0 |     45 |      0 |   1 |  440.0 |
               +--------+--------+--------+--------+--------+-----+--------+

Top non-repeatable levels by time:
Vaults:1: 1949 daAuts
Vaults:2: 1666 daAuts
  Lair:5: 1570 daAuts
     D:5: 1560 daAuts
Depths:2: 1506 daAuts
     D:6: 1475 daAuts
Depths:3: 1465 daAuts
   Elf:3: 1387 daAuts
     D:2: 1335 daAuts
Shoals:4: 1295 daAuts
Vaults:4: 1293 daAuts
Vaults:3: 1292 daAuts
 Snake:1: 1277 daAuts
     D:8: 1274 daAuts
 Snake:2: 1272 daAuts

Table legend: (Time is in decaauts)
 A = Elapsed time spent in this place.
 B = Non-inter-level travel time spent in this place.
 C = Inter-level travel time spent in this place.
 D = Time resting spent in this place.
 E = Time spent auto-exploring this place.
 F = Levels seen in this place.
 G = Mean time per level.
                   A        B        C        D        E       F      G
               +--------+--------+--------+--------+--------+-----+--------+
         Total |  51054 |  45490 |   5564 |   4377 |  24383 |  51 | 1001.1 |
       Dungeon |  16480 |  13968 |   2512 |    461 |   9464 |  15 | 1098.7 |
          Lair |   5915 |   5240 |    675 |    398 |   3434 |   5 | 1183.0 |
        Shoals |   3544 |   3325 |    219 |    578 |    994 |   4 |  886.0 |
     Snake Pit |   4442 |   4196 |    246 |    145 |   2717 |   4 | 1110.5 |
  Orcish Mines |   1800 |   1447 |    353 |     29 |    836 |   2 |  900.0 |
   Elven Halls |   3203 |   2778 |    425 |    253 |   1899 |   3 | 1067.7 |
        Vaults |   6201 |   5720 |    481 |    861 |   2842 |   4 | 1550.2 |
        Depths |   5309 |   4870 |    439 |    927 |   1850 |   4 | 1327.2 |
           Zot |   3222 |   3012 |    210 |    552 |    215 |   5 |  644.4 |
         Abyss |    158 |    158 |      0 |     11 |      0 |   2 |   79.0 |
        Bazaar |     45 |     45 |      0 |      0 |     33 |   1 |   45.0 |
      Ice Cave |    289 |    289 |      0 |    114 |     97 |   1 |  289.0 |
       Volcano |    440 |    440 |      0 |     45 |      0 |   1 |  440.0 |
               +--------+--------+--------+--------+--------+-----+--------+

Top non-repeatable levels by time:
Vaults:1: 1949 daAuts
Vaults:2: 1666 daAuts
  Lair:5: 1570 daAuts
     D:5: 1560 daAuts
Depths:2: 1506 daAuts
     D:6: 1475 daAuts
Depths:3: 1465 daAuts
   Elf:3: 1387 daAuts
     D:2: 1335 daAuts
Shoals:4: 1295 daAuts
Vaults:4: 1293 daAuts
Vaults:3: 1292 daAuts
 Snake:1: 1277 daAuts
     D:8: 1274 daAuts
 Snake:2: 1272 daAuts

Table legend:
 A = Kills in this place as a percentage of kills in the entire game.
 B = Kills by you in this place as a percentage of kills by you in the entire game.
 C = Kills by friends in this place as a percentage of kills by friends in the entire game.
 D = Other kills in this place as a percentage of other kills in the entire game.
 E = Experience gained in this place as a percentage of experience gained in the entire game.
 F = Experience gained in this place divided by the number of levels of this place that you have seen.
                   A       B       C       D       E      F
               +-------+-------+-------+-------+-------+----------------------
         Total | 100.0 | 100.0 | 100.0 | 100.0 | 100.0 | 22034.2
       Dungeon |  22.5 |  23.3 |   0.0 |  18.2 |   6.2 | 4681.1
          Lair |  12.0 |  12.4 |   1.6 |   0.0 |   6.1 | 13720.8
        Shoals |   8.1 |   8.3 |   1.6 |   9.1 |   7.9 | 22102.8
     Snake Pit |   9.4 |   9.2 |  15.6 |   9.1 |   9.6 | 26917.0
  Orcish Mines |   5.7 |   5.3 |  12.5 |  36.4 |   2.7 | 14944.5
   Elven Halls |   6.0 |   6.2 |   0.0 |   0.0 |   7.8 | 29337.7
        Vaults |  14.2 |  14.5 |   7.8 |   9.1 |  18.2 | 51104.8
        Depths |  12.8 |  12.4 |  25.0 |   9.1 |  20.8 | 58528.5
           Zot |   6.6 |   5.6 |  35.9 |   9.1 |  18.6 | 41694.2
         Abyss |   1.5 |   1.5 |   0.0 |   0.0 |   1.6 | 8840.0
      Ice Cave |   0.5 |   0.5 |   0.0 |   0.0 |   0.2 | 2124.0
       Volcano |   0.9 |   0.9 |   0.0 |   0.0 |   0.4 | 4134.0
               +-------+-------+-------+-------+-------+----------------------
